 Dungeon Crawl Stone Soup version 0.19-a0-1111-gcceb26a (webtiles) character file.

3741 aronpayne the Fighter (level 9, 0/98 HPs)
             Began as a Troll Berserker on Aug 11, 2016.
             Was a High Priest of Trog.
             Slain by a wolf (4 damage)
             ... led by Grum
             ... on level 9 of the Dungeon.
             The game lasted 00:27:44 (6929 turns).

aronpayne the Fighter (Troll Berserker)             Turns: 6929, Time: 00:27:45

Health: 0/98       AC:  7    Str: 29    XL:     9   Next: 93%
Magic:  8/8        EV: 12    Int:  4    God:    Trog [*****.]
Gold:   407        SH:  0    Dex:  9    Spells: 0 memorised, 8 levels left

rFire  . . .     SeeInvis .       - Unarmed
rCold  . . .     Gourm    +     a - +0 animal skin
rNeg   . . .     Faith    .     (no shield)
rPois  .         Spirit   .     (helmet restricted)
rElec  .         Dismiss  +     (no cloak)
rCorr  .         Reflect  .     (gloves unavailable)
SustAt .         Harm     .     (boots unavailable)
MR     +....                    i - amulet of dismissal
Stlth  +.........               B - +2 ring of protection
                                h - ring of protection from magic

@:
A: unfitting armour, claws 3, fast metabolism 3, gourmand, regeneration 2,
shaggy fur 1, tough skin 2
a: Berserk, Trog's Hand, Brothers in Arms, Burn Spellbooks, Renounce Religion


You were on level 9 of the Dungeon.
You worshipped Trog.
Trog was extremely pleased with you.
You were very full.

You visited 1 branch of the dungeon, and saw 9 of its levels.

You collected 407 gold pieces.

Inventory:

Hand Weapons
 g - a +0 arbalest of velocity
Missiles
 C - 22 bolts
Armour
 a - a +0 animal skin (worn)
Jewellery
 h - a ring of protection from magic (left claw)
 i - an amulet of dismissal (around neck)
 l - an uncursed ring of positive energy
 x - an uncursed ring of sustain attributes
 B - a +2 ring of protection (right claw)
Wands
 w - a wand of enslavement (7/24)
Scrolls
 d - 2 scrolls of remove curse
 e - a scroll of recharging
 j - 3 scrolls of magic mapping
 m - a scroll of blinking
 o - a scroll of noise {unknown}
 q - a scroll of immolation {unknown}
 v - 3 scrolls of teleportation
 y - 2 scrolls of identify
 z - a scroll of fear {unknown}
 D - a scroll of vulnerability {unknown}
 E - a scroll of enchant weapon {unknown}
Potions
 c - 2 potions of brilliance {unknown}
 f - a potion of resistance {unknown}
 k - a potion of agility {unknown}
 p - 2 potions of ambrosia {unknown}
 r - 3 potions of might {unknown}
 s - a potion of heal wounds {unknown}
 t - 2 potions of haste {unknown}
 u - a potion of lignification {unknown}
 A - a potion of cure mutation {unknown}
Comestibles
 b - 8 bread rations
 n - 12 fruits


   Skills:
 * Level 9.1 Fighting
 + Level 6.4 Dodging
 + Level 7.5 Unarmed Combat


You had 8 spell levels left.
You didn't know any spells.

Dungeon Overview and Level Annotations

Branches:
Dungeon (9/15)             Temple (0/1) D:6             Orc (0/2) D:9
   Lair: D:8-11

Altars:
Gozag
Makhleb
Trog

Shops:
D:7 %*?%

Annotations:
D:9 Grum


Innate Abilities, Weirdness & Mutations

You are too large for most types of armour.
You have claws for hands.
Your metabolism is lightning-fast.
You like to eat raw meat.
You heal very quickly.
You are covered in fur. (AC +1)
You have very tough skin. (AC +2)


Message History

The phantom hits you but does no damage.
The wolf bites you. Grum hits you from afar with a glaive!
You completely miss the phantom.
The phantom is moderately damaged.
The wolf misses you. The wolf bites you but does no damage.
The phantom hits you but does no damage.
The wolf misses you. The wolf bites you.
You closely miss the phantom.
The phantom is moderately damaged.
The wolf bites you. Grum hits you from afar with a glaive!!
* * * LOW HITPOINT WARNING * * *
The wolf bites you.
* * * LOW HITPOINT WARNING * * *
The phantom hits you but does no damage.
The wolf bites you.
* * * LOW HITPOINT WARNING * * *
The wolf bites you.
* * * LOW HITPOINT WARNING * * *
The wolf bites you.
You die...

##.)...... #..#.....#
.###...## #. #.#
..#.....# .# #.######.#
##.....#.. .#
#........###......... .+
#........##...g...... .#
.........##hW.#.....#
.####..♣
♣....##@h###...##
......♣ ♣........#..#..#
......♣ ♣..........## ..
......♣# #♣..........# .
...)...♣♣♣...>.........
...)..................##
####..................#
#..................#
#..#'#######.......#


You could see Grum, a phantom and 2 wolves.

Vanquished Creatures
  Eustachio (D:5)
  A hippogriff (D:7)
  A hungry ghost (D:9)
  Menkaure (D:5)
  A black bear (D:8)
  A sky beast (D:6)
  2 orc warriors
  3 ice beasts
  An ogre (D:6)
  2 phantoms (D:9)
  4 centaurs
  A big kobold (D:8)
  2 giant frogs
  3 scorpions
  A troll zombie (D:9)
  3 wights (D:8)
  3 crimson imps
  A centaur zombie (D:8)
  4 orc priests
  4 hounds
  5 orc wizards
  4 giant frog skeletons
  3 jellies
  A centaur skeleton (D:8)
  2 iguanas
  Natasha (thrice) (D:2 D:3)
  5 worker ants
  5 ogre zombies (D:9)
  A hound skeleton (D:6)
  A hound zombie (D:8)
  3 worker ant zombies
  Robin (D:3)
  15 adders
  3 gnolls (D:8)
  5 shadow imps
  An ooze (D:5)
  6 giant geckos
  23 orcs
  8 bats
  4 giant cockroaches
  16 goblins
  14 hobgoblins
  4 jackals
  7 quokkas
  A ball python (D:2)
  10 giant newts
  3 goblin zombies (D:9)
  A hobgoblin skeleton (D:9)
  2 hobgoblin zombies (D:9)
  10 kobolds
  2 orc skeletons (D:9)
  7 orc zombies (D:9)
  A quokka skeleton (D:7)
  8 rats
225 creatures vanquished.

Notes
Turn   | Place    | Note
-------+----------+-------------------------------------------
     0 | D:1      | aronpayne the Troll Berserker began the quest for the Orb.
     0 | D:1      | Reached XP level 1. HP: 22/22 MP: 0/0
   308 | D:1      | Reached XP level 2. HP: 29/29 MP: 1/1
   478 | D:1      | Reached skill level 3 in Fighting
   739 | D:2      | Reached XP level 3. HP: 37/37 MP: 2/2
   808 | D:2      | Reached ** piety under Trog
   917 | D:2      | Noticed Natasha
   925 | D:2      | Killed Natasha
   925 | D:2      | Reached XP level 4. HP: 31/45 MP: 3/3
  1388 | D:3      | Found an opulent altar of Gozag.
  1412 | D:3      | Noticed Robin
  1425 | D:3      | Killed Robin
  1520 | D:3      | Reached *** piety under Trog
  1571 | D:3      | Reached XP level 5. HP: 54/54 MP: 4/4
  1863 | D:3      | Noticed Natasha
  1867 | D:3      | Killed Natasha
  1867 | D:3      | Reached skill level 4 in Fighting
  1987 | D:3      | Noticed Natasha
  1991 | D:3      | Killed Natasha
  2283 | D:4      | Found a bloodstained altar of Trog.
  2372 | D:4      | Reached XP level 6. HP: 18/63 MP: 5/5
  2808 | D:4      | Reached skill level 5 in Fighting
  3106 | D:4      | Reached XP level 7. HP: 66/72 MP: 6/6
  3209 | D:5      | Entered Level 5 of the Dungeon
  3388 | D:5      | Reached skill level 5 in Unarmed Combat
  3728 | D:5      | Noticed Eustachio
  3735 | D:5      | Killed Eustachio
  3735 | D:5      | Reached skill level 6 in Fighting
  3854 | D:5      | Noticed Menkaure
  3860 | D:5      | Killed Menkaure
  3860 | D:5      | Reached XP level 8. HP: 79/83 MP: 7/7
  3877 | D:5      | Reached **** piety under Trog
  4071 | D:6      | Found a staircase to the Ecumenical Temple.
  4496 | D:6      | Reached skill level 7 in Fighting
  4496 | D:6      | Reached skill level 5 in Dodging
  4517 | D:6      | Found a burning altar of Makhleb.
  5196 | D:7      | Found Mymuahul's Magic Scroll Boutique.
  5285 | D:7      | Reached XP level 9. HP: 87/93 MP: 8/8
  5352 | D:7      | Found Nilekios's Food Boutique.
  5516 | D:7      | Found Zestiequeh's General Store.
  5625 | D:7      | Found Baenal's Food Shoppe.
  5886 | D:8      | Reached skill level 8 in Fighting
  6099 | D:8      | Reached ***** piety under Trog
  6676 | D:9      | Found a staircase to the Orcish Mines.
  6729 | D:9      | Reached skill level 9 in Fighting
  6919 | D:9      | Noticed Grum
  6928 | D:9      | HP: 3/98 [wolf[Grum] (5)]
  6929 | D:9      | Slain by a wolf

Vault maps used:
D:1:      lemuel_arrival_rhombus, minmay_pentomino_q2
D:2:      uniq_natasha
D:3:      lemuel_doored_altar, uniq_robin
D:4:      bloody_trog, hangedman_abyss_or_decor_lesser_grid
D:5:      first_bread, uniq_menkaure, uniq_eustachio
D:6:      bloody_makhleb, lightli_minifort
D:7:      serial_shops, kennysheep_little_box, shop, nicolae_shop_waterfront,
          shop
D:8:      kennysheep_blocky_room
D:9:      kennysheep_housing_project, vehumet_statue, zombieorc1_lemuel,
          hangedman_pestilent_swarm, minmay_strange_pillars,
          minmay_stone_trees_small, uniq_grum

Skill      XL: |  1  2  3  4  5  6  7  8  9 |
---------------+----------------------------+-----
Fighting       | 3 4 5 6 7 9 |  9.1
Dodging        | 3 4 5 6 |  6.4
Unarmed Combat | 4 5 6 7 |  7.5

Action                   |  1- 3 |  4- 6 |  7- 9 || total
-------------------------+-------+-------+-------++-------
Melee: Unarmed           |    81 |   190 |   442 ||   713
       Punch             |       |     2 |    10 ||    12
Invok: Burn Spellbooks   |       |       |     2 ||     2
  Use: Potion            |       |     3 |       ||     3
       Scroll            |       |       |    11 ||    11
 Stab: Sleeping          |     1 |       |       ||     1
       Distracted        |       |       |     1 ||     1
  Eat: Chunk             |    14 |    19 |    37 ||    70
Armor: Animal skin       |    17 |    59 |   114 ||   190
Dodge: Dodged            |    26 |    94 |   214 ||   334
